AoeStats
← 恆浪蕩

Socotra

506795666Analyzed
4v4 RM · 16d ago on Sep 15, 2026· 27m 25s· 8 players
Game mode
Random Map
Map size
148×148
Population
200
Speed
Normal
Resources
Standard
Victory
Conquest
Starting age
Dark Age
Ending age
Imperial Age
RankedLock teamsTeams togetherTeam positionsShared explorationLock speedFull tech treeHidden civsTurbo modeCheats
Victory
Defeat
🇹🇼 Magyars · Taiwan
1681
+13
🇭🇰 Maya · Hong Kong SAR China
1607
+16
🇦🇷 Armenians · Argentina
1589
+17
🇹🇼 Portuguese · Taiwan
1586
+17
🇹🇷 Bengalis · Türkiye
1679
-20
🇻🇳 Persians · Vietnam
1594
-15
1574
-14
🇺🇸 Mongols · United States
1572
-14
DS_SayGG
2:35 Loom
14:53 Feudal Age
17:25 Double-Bit Axe
19:00 Double-Bit Axe
20:33 Fletching
28:25 Castle Age
CTM | black forest best map
5:26 Loom
9:49 Feudal Age
10:33 Double-Bit Axe
18:32 Scale Barding Armor
19:40 Wheelbarrow
20:11 Town Watch
23:22 Castle Age
22:21 Scale Barding Armor
22:10 Gold Mining
22:37 Forging
23:07 Bloodlines
22:58 Horse Collar
24:30 Chain Barding Armor
25:59 Bow Saw
Apep
7:00 Loom
9:48 Feudal Age
10:52 Double-Bit Axe
13:49 Fletching
17:27 Padded Archer Armor
19:38 Horse Collar
Bis
5:31 Loom
8:28 Feudal Age
9:14 Horse Collar
9:19 Double-Bit Axe
13:06 Double-Bit Axe
15:04 Scale Barding Armor
22:08 Castle Age
21:05 Forging
21:06 Bloodlines
23:11 Heavy Plow
23:21 Bow Saw
默默默默默
2:32 Loom
20:07 Feudal Age
22:02 Stone Mining
24:40 Castle Age
22:41 Double-Bit Axe
27:15 Bow Saw
Emily001
9:06 Feudal Age
8:27 Loom
9:39 Double-Bit Axe
9:36 Horse Collar
17:59 Wheelbarrow
18:17 Scale Barding Armor
19:30 Bloodlines
27:18 Castle Age
Sean
0:26 Loom
9:02 Feudal Age
12:32 Fletching
20:53 Castle Age
20:07 Double-Bit Axe
20:12 Gold Mining
20:56 Crossbowman
21:35 Bodkin Arrow
24:04 Ballistics
23:28 Horse Collar
24:01 Bow Saw
恆浪蕩
5:47 Loom
9:25 Feudal Age
10:53 Double-Bit Axe
14:46 Fletching
18:33 Wheelbarrow
23:13 Castle Age
21:49 Horse Collar
22:08 Gold Mining
23:16 Padded Archer Armor
23:24 Crossbowman
24:01 Bodkin Arrow
25:38 Thumb Ring
27:05 Bow Saw
Connection lost

Rejoining the realm…

Still unreachable

The connection could not be restored.

Session expired

The server has moved on; the page needs a fresh start.